AoeStats
← albanplumed

African Clearing

505093628Analyzed
3v3 RM · 24d ago on Sep 7, 2026· 30m 31s· 6 players
Game mode
Random Map
Map size
Normal (6 player)
Population
200
Speed
Normal
Resources
Standard
Victory
Conquest
Starting age
Dark Age
Ending age
Imperial Age
RankedLock teamsTeams togetherTeam positionsShared explorationLock speedFull tech treeHidden civsTurbo modeCheats
Victory
Defeat
🇬🇧 Vietnamese · United Kingdom
1377
+14
🇬🇧 Hindustanis · United Kingdom
1375
+14
🇧🇷 Magyars · Brazil
1373
+14
🇹🇷 Berbers · Türkiye
1384
-16
🇹🇷 Mongols · Türkiye
1307
-13
🇹🇷 Vietnamese · Türkiye
1303
-13
elitedurasteel
10:42 Loom
12:51 Feudal Age
13:01 Man-at-Arms
17:58 Wheelbarrow
17:11 Double-Bit Axe
19:09 Arson
22:27 Fletching
30:45 Castle Age
28:59 Horse Collar
jcboevey
12:20 Feudal Age
13:17 Loom
17:42 Double-Bit Axe
24:02 Castle Age
23:16 Fletching
23:41 Forging
25:14 Bow Saw
25:17 Fletching
27:30 Horse Collar
30:26 Wheelbarrow
30:07 Gold Mining
SS_Tiozão
2:59 Loom
12:13 Feudal Age
12:52 Double-Bit Axe
15:21 Scale Barding Armor
23:17 Castle Age
22:14 Scale Mail Armor
24:16 Bloodlines
24:37 Bow Saw
25:30 Light Cavalry
29:48 Pikeman
30:46 Chain Mail Armor
Sem
8:58 Loom
13:07 Feudal Age
20:02 Castle Age
25:06 Scale Barding Armor
ysk
4:44 Loom
14:05 Feudal Age
20:36 Castle Age
24:17 Fletching
26:08 Town Watch
28:09 Bodkin Arrow
29:49 Padded Archer Armor
albanplumed
3:46 Loom
11:38 Feudal Age
27:10 Castle Age
25:54 Double-Bit Axe
26:11 Fletching
Connection lost

Rejoining the realm…

Still unreachable

The connection could not be restored.

Session expired

The server has moved on; the page needs a fresh start.